3A
BELLEVUE BRUINS @ HAMMOND HERONS
07/17/2026
 
TOP OF THE 1ST
Bellevue Bruins batting - Pitching for Hammond Herons : RHP Ryunosuke Kurota
Pitching: RHP Ryunosuke Kurota
Batting: LHB António Quintero 0-0: Foul Ball, location: 2F
0-1: Ball
1-1: Ball
2-1: Foul Ball, location: 2F
2-2: Ball
3-2: Base on Balls
Batting: RHB Alonso Zamora 0-0: Called Strike
0-1: Foul Ball, location: 2F
0-2: Ball
1-2: Ball
2-2: Ball
3-2: Ground out 5-3 (Groundball, 56S)
António Quintero to second
Batting: RHB Sancho Tornero 0-0: Called Strike
0-1: Ball
1-1: Called Strike
António Quintero steals 3rd base
1-2: Ball
2-2: Foul Ball, location: 2F
2-2: Fly out, F3 (Flyball, 34D)
Batting: LHB Mitchell Cusimano 0-0: Ball
1-0: Ball
2-0: Ball
3-0: Base on Balls
Batting: RHB Manny Soto 0-0: Ball
1-0: Called Strike
1-1: Ball
2-1: Called Strike
2-2: Strikes out swinging
Top of the 1st over - 0 run(s), 0 hit(s), 0 error(s), 2 left on base; Bellevue 0 - Hammond 0
BOTTOM OF THE 1ST
Hammond Herons batting - Pitching for Bellevue Bruins : RHP Jason Nixon
Pitching: RHP Jason Nixon
Batting: RHB Adrian Kezer 0-0: SINGLE (Line Drive, 4MD)
Batting: RHB Jean Lechuga 0-0: Foul Ball, location: 2F
0-1: Ball
1-1: Ball
2-1: Ball
3-1: Foul Ball, location: 2F
3-2: Ground out 6-3 (Groundball, 6S)
Adrian Kezer to second
Batting: LHB Dewitt Hopper 0-0: Called Strike
0-1: Ball
1-1: Fly out, F4 (Popup, 4D)
Batting: RHB Zeus Preckwinkle 0-0: Swinging Strike
0-1: Ball
1-1: Ground out 4-3 (Groundball, 4)
Bottom of the 1st over - 0 run(s), 1 hit(s), 0 error(s), 1 left on base; Bellevue 0 - Hammond 0
TOP OF THE 2ND
Bellevue Bruins batting - Pitching for Hammond Herons : RHP Ryunosuke Kurota
Batting: SHB Aurelio Jiménez 0-0: Foul Ball, location: 2F
0-1: Ball
1-1: Ball
2-1: Ball
3-1: Fly out, F6 (Line Drive, 6M)
Batting: LHB Domingo Colón 0-0: Called Strike
0-1: Foul Ball, location: 2F
0-2: Ground out 3-1 (Groundball, 34)
Batting: RHB Miguel Elías 0-0: Ball
1-0: SINGLE (Flyball, 8LS)
Batting: SHB Jorge Ayala 0-0: Called Strike
0-1: Ball
1-1: Swinging Strike
1-2: Ground out 4-3 (Groundball, 34)
Top of the 2nd over - 0 run(s), 1 hit(s), 0 error(s), 1 left on base; Bellevue 0 - Hammond 0
BOTTOM OF THE 2ND
Hammond Herons batting - Pitching for Bellevue Bruins : RHP Jason Nixon
Batting: LHB Alfred Miles 0-0: Called Strike
0-1: Ground out 4-3 (Groundball, 4)
Batting: RHB Rex Scurlock 0-0: Ball
1-0: Ball
2-0: Foul Ball, location: 2F
2-1: Foul Ball, location: 2F
2-2: Foul Ball, location: 2F
2-2: Ball
3-2: Strikes out looking
Batting: LHB Rubén Aracil 0-0: Swinging Strike
0-1: Fly out, F9 (Flyball, 89M)
Bottom of the 2nd over - 0 run(s), 0 hit(s), 0 error(s), 0 left on base; Bellevue 0 - Hammond 0
TOP OF THE 3RD
Bellevue Bruins batting - Pitching for Hammond Herons : RHP Ryunosuke Kurota
Batting: LHB António Quintero 0-0: Ball
1-0: Ground out 3-1 (Groundball, 34)
Batting: RHB Alonso Zamora 0-0: Fly out, F7 (Flyball, 7LM)
Batting: RHB Sancho Tornero 0-0: Called Strike
0-1: Ball
1-1: Foul Ball, location: 2F
1-2: Foul Ball, location: 2F
1-2: SINGLE (Line Drive, 9S)
Batting: LHB Mitchell Cusimano 0-0: Ball
1-0: Called Strike
1-1: Fly out, F8 (Flyball, 78M)
Top of the 3rd over - 0 run(s), 1 hit(s), 0 error(s), 1 left on base; Bellevue 0 - Hammond 0
BOTTOM OF THE 3RD
Hammond Herons batting - Pitching for Bellevue Bruins : RHP Jason Nixon
Batting: RHB David Meléndez 0-0: Ball
1-0: Foul Ball, location: 2F
1-1: Ball
2-1: Ground out U3 (Groundball, 34)
Batting: RHB Mark Frisby 0-0: Ball
1-0: Ball
2-0: Ball
3-0: Called Strike
3-1: Base on Balls
Batting: RHB Adrian Kezer 0-0: Ball
1-0: Ball
2-0: Called Strike
2-1: Grounds into double play, 6-4-3 (Groundball, 6)
Bottom of the 3rd over - 0 run(s), 0 hit(s), 0 error(s), 0 left on base; Bellevue 0 - Hammond 0
TOP OF THE 4TH
Bellevue Bruins batting - Pitching for Hammond Herons : RHP Ryunosuke Kurota
Batting: RHB Manny Soto 0-0: Ball
1-0: Foul Ball, location: 2F
1-1: Ball
2-1: Ball
3-1: Base on Balls
Batting: SHB Aurelio Jiménez 0-0: Fly out, F9 (Flyball, 89S)
Batting: LHB Domingo Colón 0-0: Called Strike
0-1: Called Strike
0-2: Ball
1-2: Fielders Choice at 2nd, 2-4 (Groundball, 2L)
Batting: RHB Miguel Elías 0-0: Ball
1-0: Ball
2-0: Ball
3-0: Called Strike
3-1: Foul Ball, location: 2F
3-2: Foul Ball, location: 2F
3-2: Base on Balls
Domingo Colón to second
Batting: SHB Jorge Ayala 0-0: Foul Ball, location: 2F
0-1: Ball
1-1: Ball
2-1: Called Strike
2-2: Foul Ball, location: 2F
2-2: Strikes out swinging
Top of the 4th over - 0 run(s), 0 hit(s), 0 error(s), 2 left on base; Bellevue 0 - Hammond 0
BOTTOM OF THE 4TH
Hammond Herons batting - Pitching for Bellevue Bruins : RHP Jason Nixon
Batting: RHB Jean Lechuga 0-0: Swinging Strike
0-1: Bunted foul
0-2: Ball
1-2: Foul Ball, location: 2F
1-2: Fly out, F8 (Flyball, 89M)
Batting: LHB Dewitt Hopper 0-0: Ball
1-0: Foul Ball, location: 2F
1-1: Ball
2-1: Foul Ball, location: 2F
2-2: Strikes out swinging
Batting: RHB Zeus Preckwinkle 0-0: Ball
1-0: SINGLE (Groundball, 34D)
Batting: LHB Alfred Miles 0-0: Ball
1-0: DOUBLE (Line Drive, 9LM)
Zeus Preckwinkle to third
Batting: RHB Rex Scurlock 0-0: Ball
1-0: Ball
2-0: Ball
3-0: Called Strike
3-1: SINGLE (Groundball, 3D)
Zeus Preckwinkle scores
Alfred Miles to third
Runner from 3rd tries for Home, SAFE, no throw
Batting: LHB Rubén Aracil 0-0: Swinging Strike
0-1: Called Strike
0-2: Strikes out swinging
Bottom of the 4th over - 2 run(s), 3 hit(s), 0 error(s), 1 left on base; Bellevue 0 - Hammond 2
TOP OF THE 5TH
Bellevue Bruins batting - Pitching for Hammond Herons : RHP Ryunosuke Kurota
Batting: LHB António Quintero 0-0: Called Strike
0-1: Ground out 4-3 (Groundball, 4)
Batting: RHB Alonso Zamora 0-0: Called Strike
0-1: Ball
1-1: Ball
2-1: Fly out, F8 (Flyball, 78M)
Batting: RHB Sancho Tornero 0-0: Ball
1-0: Fly out, F8 (Flyball, 8RD)
Top of the 5th over - 0 run(s), 0 hit(s), 0 error(s), 0 left on base; Bellevue 0 - Hammond 2
BOTTOM OF THE 5TH
Hammond Herons batting - Pitching for Bellevue Bruins : RHP Jason Nixon
Batting: RHB David Meléndez 0-0: SINGLE (Line Drive, 8LS)
Batting: RHB Mark Frisby 0-0: Bunted foul
0-1: Sac Bunt - play at first, batter OUT! 1-4
David Meléndez to second
Batting: RHB Adrian Kezer 0-0: Intentional Walk
Batting: RHB Jean Lechuga 0-0: Ball
1-0: SINGLE (Line Drive, 6MD)
David Meléndez to third
Adrian Kezer to second
Runner from 3rd tries for Home, SAFE, throw made home
Adrian Kezer to third
Jean Lechuga to second
Batting: LHB Dewitt Hopper 0-0: Intentional Walk
Batting: RHB Zeus Preckwinkle 0-0: Foul Ball, location: 2F
0-1: Ball
1-1: Ball
2-1: Fly out, F7 (Flyball, 7)
Batting: LHB Alfred Miles 0-0: SINGLE (Line Drive, 4M)
Adrian Kezer scores
Jean Lechuga to third
Dewitt Hopper to second
Runner from 3rd tries for Home, SAFE, no throw
Pitching: LHP Roberto González
Batting: RHB Rex Scurlock 0-0: Ball
1-0: Fly out, F8 (Flyball, 8RS)
Bottom of the 5th over - 3 run(s), 3 hit(s), 0 error(s), 2 left on base; Bellevue 0 - Hammond 5
TOP OF THE 6TH
Bellevue Bruins batting - Pitching for Hammond Herons : RHP Ryunosuke Kurota
Batting: LHB Mitchell Cusimano 0-0: Foul Ball, location: 2F
0-1: Reached on error, E5 (Groundball, 56)
Batting: RHB Manny Soto 0-0: Fielders Choice at 2nd, 5-4 (Groundball, 56)
Batting: SHB Aurelio Jiménez 0-0: Ball
Throwing error on steal attempt, E2
Manny Soto to third
1-0: Reached on error, E4 (Groundball, 4)
Manny Soto scores
Pitching: RHP José López
Batting: LHB Domingo Colón 0-0: Ball
1-0: Swinging Strike
1-1: Ball
2-1: Ball
3-1: Base on Balls
Batting: RHB Miguel Elías 0-0: Foul Ball, location: 2F
0-1: Fly out, F3 (Line Drive, 34)
Batting: SHB Jorge Ayala 0-0: Foul Ball, location: 2F
0-1: Foul Ball, location: 2F
0-2: Ball
1-2: Ball
2-2: Strikes out swinging
Top of the 6th over - 1 run(s), 0 hit(s), 3 error(s), 2 left on base; Bellevue 1 - Hammond 5
BOTTOM OF THE 6TH
Hammond Herons batting - Pitching for Bellevue Bruins : LHP Roberto González
Batting: LHB Rubén Aracil 0-0: Called Strike
0-1: Single, Error in OF, E8, batter to second base
Batting: RHB David Meléndez 0-0: Ball
1-0: Foul Ball, location: 2F
1-1: Ball
2-1: Bunted foul
2-2: Fly out, F9 (Flyball, 9)
Batting: RHB Mark Frisby 0-0: Swinging Strike
0-1: Called Strike
0-2: Strikes out looking
Batting: RHB Adrian Kezer 0-0: Intentional Walk
Batting: RHB Jean Lechuga 0-0: Called Strike
0-1: Called Strike
0-2: Strikes out swinging
Bottom of the 6th over - 0 run(s), 1 hit(s), 1 error(s), 2 left on base; Bellevue 1 - Hammond 5
TOP OF THE 7TH
Bellevue Bruins batting - Pitching for Hammond Herons : RHP José López
Batting: LHB António Quintero 0-0: SINGLE (Groundball, 6MD)
Batting: RHB Alonso Zamora 0-0: Called Strike
0-1: Ball
1-1: Foul Ball, location: 2F
1-2: Foul Ball, location: 2F
1-2: Foul Ball, location: 2F
1-2: Foul Ball, location: 2F
1-2: Strikes out swinging
Batting: RHB Sancho Tornero 0-0: Called Strike
António Quintero is caught stealing 2nd base
0-1: Swinging Strike
0-2: Strikes out looking
Top of the 7th over - 0 run(s), 1 hit(s), 0 error(s), 0 left on base; Bellevue 1 - Hammond 5
BOTTOM OF THE 7TH
Hammond Herons batting - Pitching for Bellevue Bruins : LHP Roberto González
Batting: LHB Dewitt Hopper 0-0: Called Strike
0-1: Swinging Strike
0-2: Strikes out swinging
Batting: RHB Zeus Preckwinkle 0-0: Foul Ball, location: 2F
0-1: Foul Ball, location: 2F
0-2: Strikes out swinging
Batting: LHB Alfred Miles 0-0: Ball
1-0: Called Strike
1-1: SINGLE (Flyball, 7S)
Batting: RHB Rex Scurlock 0-0: Ball
1-0: Fly out, F8 (Flyball, 8RS)
Bottom of the 7th over - 0 run(s), 1 hit(s), 0 error(s), 1 left on base; Bellevue 1 - Hammond 5
TOP OF THE 8TH
Bellevue Bruins batting - Pitching for Hammond Herons : RHP José López
Batting: LHB Mitchell Cusimano 0-0: Ball
1-0: Called Strike
1-1: Ball
2-1: Swinging Strike
2-2: Foul Ball, location: 2F
2-2: Ball
3-2: Strikes out swinging
Batting: RHB Manny Soto 0-0: Ball
1-0: Called Strike
1-1: Ground out 5-3 (Groundball, 5)
Batting: SHB Aurelio Jiménez 0-0: Called Strike
0-1: Ball
1-1: Foul Ball, location: 2F
1-2: Ball
2-2: Ground out 6-3 (Groundball, 56D)
Top of the 8th over - 0 run(s), 0 hit(s), 0 error(s), 0 left on base; Bellevue 1 - Hammond 5
BOTTOM OF THE 8TH
Hammond Herons batting - Pitching for Bellevue Bruins : LHP Roberto González
Batting: LHB Rubén Aracil 0-0: Ball
1-0: Ball
2-0: Swinging Strike
2-1: Fly out, F4 (Line Drive, 34)
Batting: RHB David Meléndez 0-0: Foul Ball, location: 2F
0-1: SINGLE (Flyball, 78S)
Batting: RHB Mark Frisby 0-0: Ball
1-0: Ball
2-0: Ball
3-0: Called Strike
3-1: SINGLE (Flyball, 9LM)
David Meléndez to second
Runner from 2nd tries for 3rd, SAFE, throw made to third
Batting: RHB Adrian Kezer 0-0: Ball
Mark Frisby steals 2nd base
1-0: Intentional Walk
Batting: RHB Jean Lechuga 0-0: Called Strike
0-1: Ball
1-1: Foul Ball, location: 2F
1-2: Foul Ball, location: 2F
1-2: Foul Ball, location: 2F
1-2: Foul Ball, location: 2F
1-2: Foul Ball, location: 2F
1-2: Strikes out looking
Batting: LHB Dewitt Hopper 0-0: Fly out, F8 (Flyball, 8RM)
Bottom of the 8th over - 0 run(s), 2 hit(s), 0 error(s), 3 left on base; Bellevue 1 - Hammond 5
TOP OF THE 9TH
Bellevue Bruins batting - Pitching for Hammond Herons : RHP José López
Batting: LHB Domingo Colón 0-0: Ball
1-0: Ball
2-0: Swinging Strike
2-1: Foul Ball, location: 2F
2-2: Foul Ball, location: 2F
2-2: Foul Ball, location: 2F
2-2: Fly out, F6 (Line Drive, 6)
Batting: RHB Miguel Elías 0-0: Foul Ball, location: 2F
0-1: DOUBLE (Flyball, 9LM)
Batting: SHB Jorge Ayala 0-0: Called Strike
0-1: Ball
1-1: Fly out, F8 (Flyball, 8RS)
Batting: LHB António Quintero 0-0: Called Strike
0-1: Ball
Balk!
Miguel Elías to third
1-1: Called Strike
1-2: Strikes out swinging
Top of the 9th over - 0 run(s), 1 hit(s), 0 error(s), 1 left on base; Bellevue 1 - Hammond 5
Monday, March 20th, 2017 - OOTP Baseball 17.12 Build 75